Map: 2000 Atmospheres LE

Players

ShoWTimE - Winner!

  • Race: Protoss Protoss
  • League: Grandmaster

HeroMarine

  • Race: Terran Terran
  • League: Master

Event: DreamHack SC2 Masters Last Chance 2022

VOD

Have the link to the VOD?

Description

Time

  • Played on: Dec. 17, 2021, 2:48 p.m.
  • Length: 12:55

All games in this series

Show
View Real Time Build Order
Export as new Build Order

ShoWTimE Protoss - Winner!

Build Orders: 1 Gate Expand, Oracle Opening, Blink Stalkers 

Get SALT Encoding   

  12  0:00  Probe  
  13  0:12  Probe  
  14  0:17  Pylon  
  14  0:24  Probe (Chrono Boost)  
  16  0:36  Gateway, Probe (Chrono Boost)  
  16  0:43  Probe (Chrono Boost)  
  16  0:44  Assimilator  
  17  0:50  Probe  
  18  1:03  Probe  
  19  1:15  Probe  
  20  1:22  Nexus  
  20  1:30  Cybernetics Core  
  20  1:33  Probe  
  20  1:38  Assimilator  
  21  1:45  Probe  
  22  1:49  Pylon  
  22  1:58  Probe  
  23  2:04  Adept (Chrono Boost)  
  25  2:10  Probe  
  26  2:16  Stargate  
  26  2:22  Probe  
  27  2:25  Stalker (Chrono Boost)  
  29  2:34  Warp Gate, Probe (Chrono Boost)  
  31  2:40  Probe (Chrono Boost)  
  31  2:43  Probe (Chrono Boost)  
  32  2:47  Probe (Chrono Boost)  
  32  2:48  Probe (Chrono Boost)  
  35  2:58  Probe  
  35  3:00  Probe, Oracle (Chrono Boost)  
  39  3:10  Probe  
  39  3:12  Probe  
  41  3:17  Pylon  
  41  3:22  Probe  
  41  3:24  Probe  
  41  3:26  Twilight Council  
  43  3:29  Gateway  
  43  3:33  Gateway  
  43  3:34  Probe  
  43  3:36  Probe  
  45  3:46  Probe  
  44  3:48  Probe  
  45  3:56  Blink (Chrono Boost)  
  45  3:59  Probe, Pylon  
  45  4:00  Nexus, Probe  
  47  4:11  Probe  
  47  4:13  Probe  
  47  4:14  Assimilator  
  49  4:23  Stalker x2, Probe  
  54  4:25  Probe  
  54  4:26  Stalker  
  57  4:33  Pylon  
  57  4:35  Probe  
  57  4:37  Probe  
  59  4:47  Stalker, Probe  
  59  4:51  Stalker x2, Probe  
  67  4:56  Pylon  
  67  4:59  Probe  
  68  5:01  Gateway  
  68  5:03  Gateway, Probe  
  69  5:09  Forge  
  69  5:16  Stalker x2  
  69  5:18  Stalker  
  69  5:19  Probe  
  69  5:20  Probe  
  77  5:24  Charge (Chrono Boost)  
  78  5:30  Gateway  
  78  5:37  Gateway  
  78  5:40  Gateway  
  78  5:41  Probe, Pylon  
  78  5:42  Probe  
  79  5:43  Probe  
  79  5:45  Protoss Ground Weapons Level 1 (Chrono Boost)  
  79  5:49  Sentry  
  82  5:52  Shield Battery  
  82  5:54  Probe x2  
  82  5:55  Pylon  
  84  5:57  Probe  
  84  6:01  Sentry  
  84  6:02  Zealot x2  
  91  6:11  Stalker  
  91  6:18  Stalker  
  95  6:24  Stalker x2  
  96  6:31  Stalker  
  89  6:36  Zealot x3  
  89  6:37  Probe x2  
  89  6:38  Probe  
  97  6:44  Stalker  
  98  6:49  Probe  
  99  6:55  Probe  
  99  6:59  Assimilator  
  99  7:00  Probe  
  101  7:01  Probe  
  101  7:03  Zealot x2  
  101  7:04  Assimilator  
  101  7:07  Pylon  
  106  7:10  Phoenix (Chrono Boost)  
  106  7:14  Probe, Pylon  
  109  7:17  Pylon  
  109  7:19  Pylon  
  109  7:25  Probe x2  
  111  7:31  Zealot x3  
  111  7:32  Probe  
  111  7:37  Robotics Facility  
  117  7:38  Probe  
  117  7:39  Zealot x5  
  117  7:40  Probe  
  113  7:52  Zealot x3  
  109  8:05  Zealot x5  
  119  8:06  Protoss Ground Armor Level 1 (Chrono Boost), Probe x3  
  119  8:10  Pylon  
  119  8:11  Templar Archives  
  122  8:15  Assimilator  
  122  8:18  Probe  
  122  8:19  Pylon  
  123  8:24  Observer, Zealot x2  
  123  8:25  Zealot x6  
  140  8:27  Psionic Storm  
  140  8:30  Probe  
  135  8:35  Probe  
  135  8:37  Probe  
  137  8:45  Photon Cannon x2  
  137  8:49  High Templar x3  
  141  9:04  Warp Prism (Chrono Boost)  
  141  9:06  Shield Battery  
  141  9:07  Pylon  
  143  9:16  High Templar  
  145  9:19  Zealot x2, High Templar x2  
  145  9:23  Archon  
  153  9:27  Zealot x3  
  153  9:31  Pylon  
  159  9:33  Nexus  
  159  9:34  Pylon  
  159  9:36  Observer (Chrono Boost), Pylon  
  160  9:42  Zealot x2  
  160  9:43  Probe x3  
  164  9:50  Pylon  
  164  9:52  Pylon  
  164  9:55  Probe  
  139  10:00  Archon  
  139  10:05  Stalker x5  
  139  10:06  Stalker  
  141  10:08  Probe  
  138  10:14  High Templar  
  138  10:15  High Templar  
  138  10:19  Protoss Ground Weapons Level 2 (Chrono Boost)  
  134  10:24  Immortal (Chrono Boost)  
  138  10:29  Zealot x2, High Templar  
  138  10:30  Zealot  
  138  10:32  Zealot  
  138  10:34  Zealot  
  150  10:48  Zealot x2  
  154  10:58  Probe x3  
  154  11:00  Immortal (Chrono Boost)  
  154  11:04  Robotics Bay, High Templar  
  163  11:05  Zealot x3  
  163  11:10  Robotics Facility  
  163  11:11  Probe x3  
  171  11:13  Zealot  
  171  11:15  High Templar  
  176  11:18  High Templar  
  178  11:31  Photon Cannon  
  178  11:33  Photon Cannon  
  178  11:35  Shield Battery  
  178  11:38  Observer (Chrono Boost)  
  179  11:49  Assimilator  
  179  11:54  Assimilator  
  179  11:55  Colossus x2 (Chrono Boost)  
  176  12:12  Zealot x7  
  160  12:26  Zealot  
  162  12:34  Zealot x5  
Show
View Real Time Build Order
Export as new Build Order

HeroMarine Terran 

Build Orders:  

Get SALT Encoding   

  12  0:00  SCV  
  13  0:12  SCV  
  14  0:16  Supply Depot  
  14  0:24  SCV  
  15  0:38  SCV  
  15  0:40  Barracks  
  16  0:43  Refinery  
  16  0:50  SCV  
  17  1:02  SCV  
  18  1:14  SCV  
  19  1:27  Marine, Orbital Command  
  20  1:43  Command Center  
  20  1:46  Barracks Reactor  
  20  1:51  Supply Depot  
  21  1:54  SCV  
  21  2:04  Factory  
  21  2:06  SCV  
  22  2:12  Refinery  
  22  2:19  SCV  
  22  2:22  Marine x2  
  25  2:31  SCV  
  26  2:39  Marine x2  
  26  2:43  SCV  
  29  2:48  Hellion  
  29  2:49  Starport  
  31  2:55  SCV, Orbital Command  
  32  2:59  Marine  
  32  3:02  Marine  
  34  3:07  SCV  
  34  3:10  Factory Tech Lab  
  35  3:17  Marine  
  35  3:19  SCV, Marine  
  37  3:22  SCV  
  37  3:25  Supply Depot  
  37  3:26  Starport Tech Lab  
  42  3:36  SCV x2  
  42  3:41  Marine x2  
  46  3:45  Cyclone  
  46  3:46  Raven  
  46  3:49  Barracks  
  46  3:50  SCV  
  46  3:51  SCV  
  46  3:54  Supply Depot  
  48  4:02  SCV  
  49  4:03  SCV  
  49  4:04  Barracks  
  49  4:07  Marine x2  
  52  4:14  SCV  
  52  4:15  SCV  
  54  4:20  Engineering Bay  
  54  4:24  Refinery  
  54  4:25  Marine x2  
  54  4:26  SCV  
  54  4:28  SCV  
  58  4:35  Factory Reactor  
  58  4:38  SCV  
  59  4:40  SCV, Starport Reactor  
  59  4:43  Stimpack, Marine x2  
  62  4:47  Supply Depot, Terran Infantry Weapons Level 1  
  62  4:51  Supply Depot  
  62  4:57  Refinery  
  62  4:58  Combat Shield  
  62  5:00  Missile Turret  
  62  5:06  Marauder x2, SCV x2  
  68  5:08  Marine x2  
  68  5:12  Bunker  
  70  5:18  SCV x2  
  72  5:22  Medivac  
  72  5:27  Medivac  
  76  5:29  Widow Mine  
  76  5:31  Marauder  
  76  5:34  Marauder  
  81  5:38  Marine x2  
  81  5:39  Supply Depot  
  81  5:42  Supply Depot  
  81  5:43  SCV  
  81  5:44  SCV  
  81  5:49  Widow Mine  
  85  6:00  Widow Mine, Medivac x2  
  85  6:01  Supply Depot  
  85  6:03  SCV x2  
  91  6:04  Marine x2  
  88  6:12  Marauder  
  88  6:15  SCV x2  
  88  6:17  Marauder  
  80  6:27  SCV  
  80  6:30  SCV  
  80  6:31  Marine  
  80  6:32  Marine  
  83  6:34  Marauder  
  83  6:39  SCV  
  86  6:41  Marauder  
  86  6:42  Concussive Shells, SCV  
  88  6:50  Medivac x2  
  88  6:51  SCV  
  88  6:53  Marine x2  
  92  6:54  SCV  
  92  7:00  Marauder  
  93  7:03  Marauder, SCV  
  97  7:11  Supply Depot  
  97  7:12  Widow Mine x2  
  97  7:14  Marine  
  97  7:15  SCV, Marine  
  103  7:20  SCV  
  103  7:21  Marauder  
  106  7:25  Marauder  
  108  7:32  Medivac x2, Marine x2  
  112  7:40  Command Center  
  110  7:50  Marauder x2  
  101  7:53  SCV x2  
  101  7:54  Marine x2  
  101  7:56  Widow Mine x2  
  98  8:05  SCV x2  
  94  8:10  Barracks x2  
  94  8:11  Marauder  
  94  8:12  Marauder, Marine  
  98  8:19  Terran Infantry Armor Level 1  
  100  8:21  Widow Mine x2  
  100  8:26  Liberator x2  
  108  8:35  Marauder x2, Marine  
  108  8:36  Marine  
  114  8:41  Supply Depot  
  114  8:50  Widow Mine x2  
  114  8:53  Marine x2  
  120  8:57  Marauder x2  
  120  9:01  Marine x2  
  126  9:04  Supply Depot  
  126  9:09  Liberator x2, Orbital Command  
  132  9:11  Marine x2  
  132  9:14  Widow Mine  
  132  9:16  Widow Mine  
  138  9:18  Marauder  
  138  9:22  Marine  
  141  9:25  Marauder, Marine  
  141  9:26  Supply Depot  
  144  9:34  Orbital Command  
  144  9:35  Marine x2  
  144  9:36  Widow Mine  
  144  9:37  Widow Mine  
  150  9:39  Marauder  
  150  9:42  Marine  
  150  9:43  Marine  
  152  9:47  Marauder  
  152  9:52  Liberator x2  
  156  9:59  Marine x2  
  125  10:01  Marauder  
  125  10:06  Widow Mine x2  
  117  10:08  Marauder, Barracks Reactor, Barracks Tech Lab  
  117  10:09  SCV x3  
  117  10:21  SCV x3  
  119  10:22  Marauder, Marine x2  
  124  10:29  Marauder x2  
  124  10:30  Widow Mine  
  124  10:31  Widow Mine  
  132  10:44  Marauder  
  132  10:47  Ghost Academy  
  132  10:50  Medivac x2  
  132  10:51  Marauder x2  
  139  10:58  Widow Mine x2  
  139  11:00  Marine  
  142  11:05  Marauder  
  142  11:09  Missile Turret  
  142  11:10  Marine x3  
  147  11:12  Marauder x2  
  151  11:18  Marine  
  151  11:21  Widow Mine x2  
  156  11:26  Ghost  
  158  11:33  Marine x3, Ghost  
  158  11:37  Marine  
  158  11:39  Refinery, Ghost  
  166  11:41  Refinery  
  166  11:43  Supply Depot  
  166  11:45  Supply Depot  
  166  11:51  Marine x3  
  167  11:55  Marauder  
  167  11:57  Marine  
  167  11:59  Widow Mine  
  172  12:05  Marauder, Widow Mine  
  172  12:06  Supply Depot  
  172  12:07  Marine  
  168  12:09  Marine x3  
  168  12:13  Medivac x2  
  165  12:16  Marauder  
  161  12:24  Marine  
  161  12:26  Marauder  
  161  12:27  Marauder, Marine  
  161  12:28  Widow Mine x2  
  161  12:29  Marine x2  

Tags
 
Add a new tag
Caveats
  • Supply blocks, unpowered buildings, or Contaminate may cause inaccurate times.
  • Supply counts are checked every 10 seconds.